 Dungeon Crawl Stone Soup version 0.21-a0-506-ga0ee87aef2 (webtiles) character file.

1963 Kaname the Destroyer (level 9, 27/72 HPs)
             Began as a Demonspawn Wizard on Nov 27, 2017.
             Was a Follower of Vehumet.
             Quit the game on level 6 of the Dungeon.
             The game lasted 00:22:54 (4897 turns).

Kaname the Destroyer (Demonspawn Wizard)            Turns: 4897, Time: 00:22:55

Health: 27/72      AC:  8    Str:  8    XL:     9   Next: 0%
Magic:  5/21       EV: 11    Int: 22    God:    Vehumet [*.....]
Gold:   304        SH:  0    Dex: 12    Spells: 15/24 levels left

rFire    + . .     SeeInvis .   i - +4 trident (venom)
rCold    . . .     Gourm    .   (no shield)
rNeg     . . .     Faith    .   w - +0 leather armour {rF+}
rPois    .         Spirit   .   b - +0 hat
rElec    .         Reflect  .   (no cloak)
rCorr    .         Harm     .   (no gloves)
MR       .....                  (no boots)
Stlth    +++.......             (no amulet)
HPRegen  0.22/turn              m - +3 ring of protection
MPRegen  0.17/turn              q - ring of stealth

@: no status effects
A: claws 2, slimy green scales 1, rot immunity
a: Renounce Religion


You were on level 6 of the Dungeon.
You worshipped Vehumet.
Vehumet was aware of your devotion.
You were hungry.

You visited 2 branches of the dungeon, and saw 9 of its levels.

You collected 304 gold pieces.

Inventory:

Hand Weapons
 i - a +4 trident of venom (weapon)
Missiles
 p - a throwing net (quivered)
Armour
 a - the +2 helmet "Moarev" {rElec rPois rF++ Int-5}
   (You found it on level 4 of the Dungeon)

   It affects your intelligence (-5).
   It greatly protects you from fire.
   It insulates you from electricity.
   It protects you from poison.
 b - a +0 hat (worn)
 c - +0 ice dragon scales
 w - a +0 leather armour of fire resistance (worn)
Jewellery
 m - a +3 ring of protection (left claw)
 q - a ring of stealth (right claw)
Wands
 t - a wand of polymorph (12)
Scrolls
 e - a scroll of enchant armour
 f - 4 scrolls of remove curse
 g - 2 scrolls of immolation
 h - 5 scrolls of teleportation
 n - a scroll of amnesia
 s - a scroll of fog
 u - a scroll of blinking {unknown}
 y - 2 scrolls of magic mapping {unknown}
 A - a scroll of vulnerability {unknown}
Potions
 j - a potion of brilliance {unknown}
 k - a potion of mutation {unknown}
 l - 3 potions of haste
 v - a potion of degeneration {unknown}
 x - a potion of invisibility {unknown}
Comestibles
 d - 11 bread rations
 o - 5 meat rations
 r - 4 royal jellies


   Skills:
 - Level 7.0 Fighting
 - Level 1.7 Dodging
 - Level 1.7 Stealth
 - Level 8.0 Spellcasting
 - Level 9.0 Conjurations
   Level 1.0 Summonings
 + Level 2.7 Translocations
 - Level 2.5 Fire Magic
 - Level 2.2 Air Magic
 - Level 2.1 Poison Magic


You had 15 spell levels left.
You knew the following spells:

 Your Spells              Type           Power        Failure   Level  Hunger
a - Magic Dart            Conj           ####         1%          1    None
b - Blink                 Tloc           N/A          5%          2    None
c - Mephitic Cloud        Conj/Pois/Air  ####....     5%          3    None
d - Conjure Flame         Conj/Fire      ####....     3%          3    None


Dungeon Overview and Level Annotations

Branches:
Dungeon (8/15)             Temple (1/1) D:4
   Lair: D:8-11

Altars:
Ashenzari
Cheibriados
Elyvilon
Fedhas
Gozag
Hepliaklqana
Kikubaaqudgha
Makhleb
Nemelex Xobeh
Okawaru
Ru
Sif Muna
Uskayaw
Vehumet
Wu Jian
Xom
Zin
The Shining One

Shops:
D:4 :   D:5 [?*   D:8 =


Innate Abilities, Weirdness & Mutations

You have very sharp fingernails.
You are partially covered in slimy green scales. (AC +2)
You are immune to rotting.


Message History

Confirm with . or Enter, or press ? or * to list all spells.
Aiming: Magic Dart
Press: ? - help, Shift-Dir - straight line, f/p - wight
Aim: a wight, wielding a mace and wearing a robe (severely damaged)
The magic dart hits the wight.
The wight is almost destroyed.
Casting: Magic Dart
Confirm with . or Enter, or press ? or * to list all spells.
Aiming: Magic Dart
Press: ? - help, Shift-Dir - straight line, f/p - wight
Aim: a wight, wielding a mace and wearing a robe (almost destroyed)
The magic dart hits the wight.
You destroy the wight!
Vehumet accepts your kill.
You have reached level 9!
Your experience leads to an increase in your attributes!
Increase (S)trength, (I)ntelligence, or (D)exterity?
You feel clever.
Your demonic ancestry asserts itself...
Slimy green scales grow over part of your body.
Are you sure you want to abandon this character and quit the game? (Confirm with "yes".)

#(# #..#### # #.# #.(# # # #.#
#..######## #. #.# #..........
####.# ##)##########.########
......# #.............### #
####z..#####.###<#######...######
#......)z.z.(# #.# #...[.....
..##...#####.###@# #...######
##.# #.)...# ##.###.... #.
#.##### #.# #.### # #.# #.###.###
#.# ######........ #.#
#.........(### #.# #.####..####
#.# ##.####..# #.. .........#


There were no monsters in sight!

Vanquished Creatures
  Duvessa (D:7)
  An orc warrior (D:6)
  3 ogres
  A bullfrog (D:6)
  A gnoll sergeant (D:6)
  2 scorpions
  Dowan (D:7)
  4 wights (D:6)
  A jelly (D:5)
  A howler monkey (D:6)
  2 crimson imps
  A quasit (D:5)
  2 hounds (D:5)
  2 orc priests
  3 orc wizards
  3 worker ants
  A hound zombie (D:7)
  A worker ant zombie (D:8)
  9 gnolls
  10 adders
  2 oozes (D:2)
  An adder zombie (D:8)
  An adder skeleton (D:4)
  A worm (D:2)
  4 dart slugs
  4 leopard geckos
  12 orcs
  6 bats
  6 giant cockroaches
  6 goblins
  4 hobgoblins
  2 jackals (D:3)
  5 kobolds
  6 quokkas
  6 frilled lizards
  2 leopard gecko skeletons
  8 rats
  A toadstool (D:1)
127 creatures vanquished.

Vanquished Creatures (others)
  A plant (D:8)
  3 toadstools (D:1)
4 creatures vanquished.

Grand Total: 131 creatures vanquished

Notes
Turn   | Place    | Note
-------+----------+-------------------------------------------
     0 | D:1      | Kaname the Demonspawn Wizard began the quest for the Orb.
     0 | D:1      | Reached XP level 1. HP: 13/13 MP: 4/4
   446 | D:1      | Reached skill level 2 in Conjurations
   480 | D:1      | Gained mutation: You have sharp fingernails. [demonic ancestry]
   480 | D:1      | Reached XP level 2. HP: 19/19 MP: 3/6
   484 | D:1      | Learned a level 2 spell: Blink
   837 | D:2      | Reached skill level 3 in Conjurations
   875 | D:2      | Gained mutation: You are immune to rotting. [demonic ancestry]
   875 | D:2      | Reached XP level 3. HP: 23/24 MP: 1/7
   898 | D:2      | Reached skill level 1 in Translocations
   903 | D:2      | Learned a level 3 spell: Mephitic Cloud
  1163 | D:2      | Reached skill level 1 in Air Magic
  1333 | D:2      | Reached skill level 1 in Poison Magic
  1367 | D:2      | Reached XP level 4. HP: 30/30 MP: 3/8
  1832 | D:3      | Found an ancient bone altar of Kikubaaqudgha.
  1934 | D:3      | Found a faded altar of an unknown god.
  2122 | D:3      | Learned a level 3 spell: Conjure Flame
  2123 | D:4      | Found Ufaharer's Book Shop.
  2140 | D:4      | Found a staircase to the Ecumenical Temple.
  2165 | Temple   | Entered the Ecumenical Temple
  2260 | Temple   | Became a worshipper of Vehumet
  2344 | D:4      | Reached skill level 4 in Conjurations
  2478 | D:4      | Reached skill level 1 in Fire Magic
  2478 | D:4      | Reached XP level 5. HP: 23/35 MP: 0/9
  2484 | D:4      | Noticed an ogre
  2521 | D:4      | Killed an ogre
  2591 | D:4      | Gained mutation: You have very sharp fingernails. [demonic ancestry]
  2591 | D:4      | Reached XP level 6. HP: 31/41 MP: 3/12
  2727 | D:4      | Reached skill level 5 in Conjurations
  2773 | D:4      | Got a slimy helmet
  2784 | D:4      | Identified the +2 helmet "Moarev" {rElec rPois rF++ Int-5} (You found it on level 4 of the Dungeon)
  2837 | D:4      | Reached skill level 8 in Conjurations
  2837 | D:4      | Reached XP level 7. HP: 60/60 MP: 13/18
  2839 | D:5      | Entered Level 5 of the Dungeon
  2871 | D:5      | Reached skill level 9 in Conjurations
  2952 | D:5      | Found Xifeimuekk's Antique Armour Shoppe.
  3254 | D:5      | You fall through a shaft for 3 floors!
  3281 | D:8      | Reached XP level 8. HP: 63/67 MP: 12/20
  3289 | D:8      | Found Weroh's Jewellery Boutique.
  3305 | D:7      | Noticed Dowan
  3373 | D:7      | Noticed Duvessa
  3378 | D:7      | Killed Dowan
  3378 | D:7      | Reached * piety under Vehumet
  3378 | D:7      | Offered knowledge of Freeze by Vehumet.
  3383 | D:7      | Killed Duvessa
  3827 | D:5      | Found Nara's General Store.
  4246 | D:5      | Found Hahal's Magic Scroll Shoppe.
  4896 | D:6      | Gained mutation: You are partially covered in slimy green scales. (AC +2) [demonic ancestry]
  4896 | D:6      | Reached XP level 9. HP: 27/72 MP: 5/21
  4897 | D:6      | Quit the game

Vault maps used:
D:1:      ldierk_water_garden, hangedman_decor_clover_reticule,
          grunt_decor_clamped
D:3:      nicolae_overflow_hidden_temple, first_bread,
          chequers_ecumenical_altar_simple
D:4:      minmay_temple_entry_large_hall, serial_shops, nicolae_shop_trees,
          st_stairs_8
D:5:      serial_shops, shop, shop, nicolae_shop_crystal, minivault_4
D:6:      centaur_isle
D:7:      grunt_livestock, uniq_menkaure, uniq_duvessa
D:8:      trog_ov_bears_minmay, serial_shops, nicolae_shop_statue_plus,
          kennysheep_little_box, kennysheep_mini_moat, shop,
          nicolae_shop_overgrown_old_shop, uniq_gastronok
Temple:   regret_index_temple_mists

Skill      XL: |  1  2  3  4  5  6  7  8 |
---------------+-------------------------+-----
Conjurations   | 2 3 4 8 9 |  9.0
Translocations | 1 2 |  2.7
Air Magic      | 1 2 |  2.2
Poison Magic   | 1 2 |  2.1
Fire Magic     | 1 2 |  2.5
Spellcasting   | 4 7 8 |  8.0
Fighting       | 7 |  7.0
Dodging        | |  1.7
Stealth        | |  1.7
Summonings     | |  1.0

Action                   |  1- 3 |  4- 6 |  7- 9 || total
-------------------------+-------+-------+-------++-------
Melee: Unarmed           |    16 |       |       ||    16
       Short sword       |    38 |       |       ||    38
       Spear             |       |    18 |       ||    18
       Dagger            |       |    22 |    61 ||    83
       Trident           |       |       |    39 ||    39
 Cast: Magic Dart        |    83 |    93 |   142 ||   318
       Mephitic Cloud    |       |     1 |     7 ||     8
       Conjure Flame     |       |       |     5 ||     5
       Blink             |       |       |     3 ||     3
  Use: Scroll            |       |     6 |     4 ||    10
       Potion            |       |     1 |     1 ||     2
 Stab: Confused          |       |       |     4 ||     4
       Sleeping          |       |       |     4 ||     4
  Eat: Chunk             |     1 |     5 |     6 ||    12
Armor: Robe              |     7 |     9 |       ||    16
       Leather armour    |       |     3 |    29 ||    32
Dodge: Dodged            |    24 |    17 |    47 ||    88

Table legend:
 A = Spawn XP
 B = Non-spawn XP
 C = Spawn XP percentage of total XP
 D = Spawn monster count
 E = Non-spawn monster count
 F = Spawn count percentage of total count
 G = Total turns spent on level
                    A         B        C        D         E        F      G
               +---------+---------+-------+---------+---------+-------+---------
         Total |       0 |    2267 |   0.0 |       0 |     126 |   0.0 |  4897
               +---------+---------+-------+---------+---------+-------+---------
           D:1 |       0 |      30 |   0.0 |       0 |      15 |   0.0 |   752
           D:2 |       0 |      76 |   0.0 |       0 |      23 |   0.0 |   892
           D:3 |       0 |      31 |   0.0 |       0 |      13 |   0.0 |   530
           D:4 |       0 |     439 |   0.0 |       0 |      20 |   0.0 |   564
           D:5 |       0 |     480 |   0.0 |       0 |      22 |   0.0 |  1109
           D:6 |       0 |     882 |   0.0 |       0 |      26 |   0.0 |   695
           D:7 |       0 |     231 |   0.0 |       0 |       3 |   0.0 |   126
           D:8 |       0 |      98 |   0.0 |       0 |       4 |   0.0 |   112
               +---------+---------+-------+---------+---------+-------+---------
